 Dungeon Crawl Stone Soup version 0.28-a0-1387-g3a22ab9bdc (webtiles) character file.

Game seed: 9221376290988103453

215 KyoPewz the Conjurer (level 5, -2/38 HPs)
             Began as a Draconian Conjurer on Jan 2, 2022.
             Shot with an arrow by a centaur (3 damage)
             ... on level 4 of the Dungeon.
             The game lasted 00:12:48 (3986 turns).

KyoPewz the Conjurer (Draconian Conjurer)           Turns: 3986, Time: 00:12:48

Health: -2/38      AC:  7    Str:  9    XL:     5   Next: 60%
Magic:  10/10      EV: 12    Int: 20    God:
Gold:   166        SH:  0    Dex: 10    Spells: 1/11 levels left

rFire   + . .      SeeInvis .   e - +1 whip (venom) {mace}
rCold   + . .      Faith    .   (no shield)
rNeg    . . .      Spirit   .   (armour unavailable)
rPois   .          Reflect  .   (helmet restricted)
rElec   .          Harm     .   l - scarf {rC+ rF+}
rCorr   .          Rampage  .   j - +1 pair of gloves
Will    .....                   (no boots)
Stlth   ++........              (no amulet)
HPRegen 0.12/turn               i - ring of wizardry
MPRegen 0.12/turn               (no ring)

@: brilliant
A: AC +5, unfitting armour, cold-blooded
a: no special abilities


You were on level 4 of the Dungeon.
You visited 1 branch of the dungeon, and saw 5 of its levels.

You collected 166 gold pieces.


Innate Abilities, Weirdness & Mutations

Your plain brown scales are hard. (AC +5)
You cannot fit into any form of body armour.
You are cold-blooded and may be slowed by cold attacks.


   Skills:
 - Level 1.7 Dodging
 - Level 1.7 Stealth
 + Level 3.6 Spellcasting
 + Level 5.3 Conjurations
 + Level 2.3 Hexes


You had one spell level left.
You knew the following spells:

 Your Spells              Type           Power      Damage    Failure   Level
a - Magic Dart            Conj           100%       1d8       1%          1
b - Searing Ray           Conj           74%        2d7       1%          2
c - Dazzling Flash        Conj/Hex       56%        N/A       3%          3
d - Fulminant Prism       Conj/Hex       14%        3d9       12%         4

Your spell library contained the following spells:

 Spells                   Type           Power      Damage    Failure   Level
 Portal Projectile        Hex/Tloc       24%        N/A       11%         3
 Call Canine Familiar     Summ           5%         N/A       16%         3
 Iskenderun's Mystic Bla  Conj/Tloc      21%        2d6       17%         4
 Leda's Liquefaction      Hex/Erth       6%         N/A       32%         4

Inventory:

Hand Weapons
 a - a +0 short sword {short}
   (You took it off a kobold on level 1 of the Dungeon)
 c - a +0 dagger {short}
   (You took it off a goblin on level 1 of the Dungeon)
 e - a +1 whip of venom (weapon) {mace}
   (You found it on level 2 of the Dungeon)
Missiles
 b - 78 stones {throwing}
 g - 42 bolts
Armour
 j - a +1 pair of gloves (worn)
   (You found it on level 2 of the Dungeon)
 l - a scarf of resistance (worn)
   (You found it on level 3 of the Dungeon)
Jewellery
 i - a ring of wizardry (left hand)
   (You found it on level 2 of the Dungeon)
Wands
 o - a wand of flame (29)
   (You took it off Natasha on level 2 of the Dungeon)
Scrolls
 n - 2 scrolls of fog
Potions
 k - a potion of degeneration {unknown}
 p - a potion of mutation {unknown}

Dungeon Overview and Level Annotations

Branches:
Dungeon (5/15)
 Temple: D:4-7

Altars:
Okawaru

Shops:
D:4

[ ......'....###########
......####.##
......####..######
................>#
#####.####..####.# #.# #..##
#.# #.# #...# #§# * #.#
#.#.###§########***
****#+#**#.#..##@§.......,,*
**,,,,,,*#.##.##§########*,*
**,,,,,,*#.##.##c# *,*
**,,,,,,*#.##..#§### *,*
**,,,,,,*#....§§§.§# *,*
,,,,,.,,*#####§§§#§# *,*
**,,,..,* #..§§§§§§###****,*
**,,,...###.###§§##..)..,,,*
+,,,,.......*
#§§§#.#####********


You could see a centaur.


Message History

Partly explored, can't reach some places. 😎 MP[+1]
Your mp is fully restored (10).
Partly explored, can't reach some places.
You enter the shallow water.
Moving in this stuff is going to be slow.
There is a stone staircase leading down here.
You climb downwards.
There is a stone staircase leading up here.
An endoplasm comes into view.
The endoplasm quivers.
You see here 7 gold pieces.
You miscast Magic Dart.
You are very lightly contaminated with residual magic.
Nothing appears to happen. 😎 MP[-1]
You lost 1 mp, and now have 9/10 mp.
The magic dart hits the endoplasm.
The endoplasm hits you but does no damage. 😎 MP[-1]
You lost 1 mp, and now have 8/10 mp.
You hit the endoplasm.
You kill the endoplasm!
You start resting.
Your magical contamination has completely faded away.
You now have 150 gold pieces (gained 7).
m - a scroll labelled CACRA YPREEB 😎 MP[+2]
Your mp is fully restored (10).
There is a stone staircase leading up here.
As you read the scroll labelled NEANEOMEMIPE, it crumbles to dust.
You feel aware of your surroundings.
You sensed 1 altar, and 1 shop/portal.
It was a scroll of magic mapping.
As you read the scroll labelled CACRA YPREEB, it crumbles to dust.
You hear a loud clanging noise!
It was a scroll of noise.
You hear a shout!
Unknown command.
n - 4 scrolls of fog (gained 3)
You now have 166 gold pieces (gained 16).
You open the door.
There is an open door here.
An orc comes into view. It is wielding a +0 mace.
The magic dart hits the orc!
You kill the orc! 😎 MP[-1]
You lost 1 mp, and now have 9/10 mp.
There is an open door here.
Found a stone staircase leading down. 😎 MP[+1]
Your mp is fully restored (10).
There is a stone staircase leading down here.
You can't go up here!
You climb downwards.
There is a stone staircase leading up here.
You climb upwards.
There is a stone staircase leading down here.
A hobgoblin comes into view.
The hobgoblin shouts!
The magic dart hits the hobgoblin.
You kill the hobgoblin! 😎 MP[-1]
You lost 1 mp, and now have 9/10 mp.
Found a stone staircase leading down. 😎 MP[+1]
Your mp is fully restored (10).
A centaur comes into view.
Found Eguraa's Antique Armour Shop.
The centaur shouts!
The centaur wields a +0 shortbow.
The centaur shoots an arrow.
The arrow hits you!
The centaur shoots an arrow.
The arrow hits you! 😮 HP[-18]
You take 18 damage, and now have 20/38 hp.
MASSIVE DAMAGE!! (PAUSE)
The centaur shoots an arrow.
The arrow hits you!
* * * LOW HITPOINT WARNING * * *
😨 HP[-7]
You take 7 damage, and now have 13/38 hp.
Unknown command.
Okay, then.
As you read the scroll of fog, it crumbles to dust.
The scroll dissolves into smoke. 😨 HP[+1]
The centaur shoots an arrow.
The arrow barely misses you.
As you read the scroll of fog, it crumbles to dust.
The scroll dissolves into smoke.
The centaur shoots an arrow.
The arrow hits you.
* * * LOW HITPOINT WARNING * * *
😱 HP[-6]
You take 6 damage, and now have 8/38 hp.
The centaur shoots an arrow.
The arrow hits you!
* * * LOW HITPOINT WARNING * * *
😱 HP[-7]
You take 7 damage, and now have 1/38 hp.
It was a potion of magic.
Magic courses through your body.
The centaur shoots an arrow.
The arrow misses you.
It was a potion of brilliance.
You feel clever all of a sudden.
The centaur shoots an arrow.
The arrow hits you.
You die...

Skill      XL: |  1  2  3  4  5 |
---------------+----------------+-----
Spellcasting   | 3 |  3.6
Hexes          | 1 2 |  2.3
Conjurations   | 5 |  5.3
Dodging        | |  1.7
Stealth        | |  1.7

Action                   |  1- 3 |  4- 6 || total
-------------------------+-------+-------++-------
Melee: Short sword       |    18 |       ||    18
       Tailslap          |     2 |       ||     2
       Whip              |     2 |     6 ||     8
 Cast: Magic Dart        |    84 |    49 ||   133
       Searing Ray       |     1 |     7 ||     8
  Use: Scroll            |       |     9 ||     9
       Potion            |       |     2 ||     2
Armor: Skin              |     8 |    10 ||    18
Dodge: Dodged            |    12 |    11 ||    23

Levels and vault maps discovered:
D:1:      pf_arrival_petrified_forest, layout_rooms,
          shapermc_ecumenical_altar_starsandcircs, minmay_rat_gold_closets
D:2:      layout_basic, st_stairs_9, corexii_item_surrounded_by_moat,
          uniq_natasha
D:3:      layout_basic, lemuel_doored_altar, chequers_serial_rivers_large_a
D:4:      layout_basic, kennysheep_mini_moat, serial_shops, nicolae_shop_trees
D:5:      layout_layer_cave, lemuel_round_altar,
          minmay_temple_entry_enclosed_plants, uniq_crazy_yiuf_cottage

Notes
Turn   | Place    | Note
-------+----------+-------------------------------------------
     0 | D:1      | KyoPewz the Draconian Conjurer began the quest for the Orb.
     0 | D:1      | Reached XP level 1. HP: 14/14 MP: 3/3
     0 | D:1      | magus.rc [v1.9.6]
    96 | D:1      | Reached XP level 2. HP: 12/20 MP: 0/5
   222 | D:1      | Learned a level 2 spell: Searing Ray
   593 | D:1      | Reached XP level 3. HP: 26/26 MP: 1/7
   654 | D:1      | Learned a level 3 spell: Dazzling Flash
   684 | D:1      | Found a faded altar of an unknown god.
  1301 | D:2      | Reached skill level 3 in Spellcasting
  1320 | D:2      | Reached skill level 1 in Hexes
  1394 | D:2      | Reached XP level 4. HP: 33/33 MP: 3/8
  1466 | D:2      | You pick up a book of the Hunter and begin reading...
  1466 | D:2      | You add the spells Call Canine Familiar, Portal Projectile
                  | and Leda's Liquefaction to your library.
  1664 | D:2      | Noticed Natasha
  1669 | D:2      | Killed Natasha
  1737 | D:2      | You fall into a shaft and drop 2 floors!
  1880 | D:3      | Reached skill level 5 in Conjurations
  1945 | D:3      | Found an iron altar of Okawaru.
  2093 | D:2      | Noticed Natasha
  2097 | D:2      | Killed Natasha
  2098 | D:2      | Reached XP level 5. HP: 27/38 MP: 3/9
  2302 | D:2      | Noticed Natasha
  2307 | D:2      | Killed Natasha
  2308 | D:2      | Reached skill level 2 in Hexes
  3004 | D:3      | Learned a level 4 spell: Fulminant Prism
  3914 | D:5      | Entered Level 5 of the Dungeon
  3967 | D:4      | Noticed a centaur
  3968 | D:4      | Found Eguraa's Antique Armour Shop.
  3982 | D:4      | HP: 8/38 [centaur/arrow (6)]
  3984 | D:4      | HP: 1/38 [centaur/arrow (8)]
  3986 | D:4      | Shot with an arrow by a centaur

Vanquished Creatures
  An iguana (D:3)
  Natasha (thrice) (D:2)
  2 adders (D:2)
  3 worms
  2 dart slugs (D:1)
  4 orcs
  6 bats
  7 endoplasms
  3 giant cockroaches (D:1)
  4 goblins
  6 hobgoblins
  4 jackals
  9 kobolds
  2 quokkas
  5 ball pythons
  8 frilled lizards
  16 rats
85 creatures vanquished.

Table legend:
 A = Non-vault XP
 B = Vault XP
 C = Vault XP percentage of total XP
 D = Non-vault monster count
 E = Vault monster count
 F = Vault count percentage of total count
                 A         B        C        D         E       F
            +---------+---------+-------+---------+---------+-------
      Total |     259 |      49 |  15.9 |      72 |      13 |  15.3
            +---------+---------+-------+---------+---------+-------
        D:1 |      52 |       9 |  14.8 |      30 |       9 |  23.1
        D:2 |     127 |      40 |  24.0 |      22 |       4 |  15.4
        D:3 |      73 |       0 |   0.0 |      17 |       0 |   0.0
        D:4 |       7 |       0 |   0.0 |       3 |       0 |   0.0
            +---------+---------+-------+---------+---------+-------

Illustrated notes

Table legend:
 A = Kills in this place as a percentage of kills in entire the game.
 B = Kills by you in this place as a percentage of kills by you in the entire game.
 C = Kills by friends in this place as a percentage of kills by friends in the entire game.
 D = Other kills in this place as a percentage of other kills in the entire game.
 E = Experience gained in this place as a percentage of experience gained in the entire game.
 F = Experience gained in this place divided by the number of levels of this place that you have seen.
                   A       B       C       D       E      F
               +-------+-------+-------+-------+-------+----------------------
         Total | 100.0 | 100.0 |   N/A |   N/A | 100.0 |  61.6
       Dungeon | 100.0 | 100.0 |   N/A |   N/A | 100.0 |  61.6
               +-------+-------+-------+-------+-------+----------------------

Table legend: (Time is in decaauts)
 A = Elapsed time spent in this place.
 B = Non-inter-level travel time spent in this place.
 C = Inter-level travel time spent in this place.
 D = Time resting spent in this place.
 E = Time spent auto-exploring this place.
 F = Levels seen in this place.
 G = Mean time per level.
                   A        B        C        D        E       F      G
               +--------+--------+--------+--------+--------+-----+--------+
         Total |   4008 |   3877 |    131 |    803 |   2328 |   5 |  801.6 |
       Dungeon |   4008 |   3877 |    131 |    803 |   2328 |   5 |  801.6 |
               +--------+--------+--------+--------+--------+-----+--------+

Top non-repeatable levels by time:
     D:2: 1373 daAuts
     D:3: 1341 daAuts
     D:1: 1096 daAuts
     D:4: 194 daAuts
     D:5: 1 daAuts
